 Dungeon Crawl Stone Soup version 0.21.1-74-g47da925 (console) character file.

413 toffzen the Bolt Thrower (level 7, -14/43 HPs)
             Began as a Kobold Hunter on Aug 9, 2018.
             Killed by divine providence
             ... invoked by an orc priest
              (16 damage)
             ... on level 4 of the Dungeon.
             The game lasted 00:10:40 (1954 turns).

toffzen the Bolt Thrower (Kobold Hunter)            Turns: 1954, Time: 00:10:41

Health: -14/43     AC:  4    Str: 11    XL:     7   Next: 14%
Magic:  7/7        EV: 16    Int: 13    God:
Gold:   130        SH:  0    Dex: 15    Spells: 6/6 levels left

rFire    . . .     SeeInvis .   a - +1 hand crossbow
rCold    . . .     Gourm    .   (shield restricted)
rNeg     . . .     Faith    .   c - +1 leather armour
rPois    .         Spirit   .   (no helmet)
rElec    .         Reflect  .   (no cloak)
rCorr    .         Harm     .   (no gloves)
MR       .....                  (no boots)
Stlth    ++........             (no amulet)
HPRegen  0.14/turn              (no ring)
MPRegen  0.10/turn              (no ring)

@: no status effects
A: small, carnivore
a: no special abilities


You were on level 4 of the Dungeon.
You were very full.

You visited 1 branch of the dungeon, and saw 4 of its levels.

You collected 130 gold pieces.

Inventory:

Hand Weapons
 a - a +1 hand crossbow (weapon)
 b - a +0 short sword
Missiles
 d - 3 bolts (quivered)
 h - 153 stones
 o - 5 needles of sleeping
Armour
 c - a +1 leather armour (worn)
 r - a +0 ring mail
Scrolls
 i - a scroll of noise {unknown}
 l - 2 scrolls of remove curse
 m - a scroll of enchant armour
 n - a scroll of teleportation {unknown}
 p - a scroll of random uselessness {unknown}
Potions
 e - a potion of magic
 g - a potion of agility {unknown}
 j - a potion of brilliance
 q - a potion of berserk rage {unknown}
 s - a potion of mutation {unknown}
 t - a potion of curing {unknown}
 v - a potion of ambrosia {unknown}
Comestibles
 f - 4 rations


   Skills:
 + Level 4.2 Fighting
 * Level 7.6 Crossbows
 + Level 4.7 Dodging
 - Level 1.3 Stealth


You had 6 spell levels left.
You didn't know any spells.

Dungeon Overview and Level Annotations

Branches:
Dungeon (4/15)
 Temple: D:4-7

Altars:
Yredelemnul

Annotations:
D:3 dscm's ghost, weakling OpNe


Innate Abilities, Weirdness & Mutations

You are small and have problems with some larger weapons.
You are carnivorous and can eat meat at any time.


Message History

An orc priest comes into view. It is wielding a flail.
Evoke which item? (* to show all) (? for menu, Esc to quit)
Aiming: Corrosive Bolt
Press: ? - help, Shift-Dir - straight line, f - orc priest
Aim: an orc priest, wielding a flail and wearing a ring mail (hasn't noticed you)
The bolt of acid hits the orc priest.
The orc priest is splashed with acid.
The acid corrodes the orc priest!
The orc priest is almost dead.
The orc priest shouts!
The orc shouts! x2
The now-empty wand crumbles to dust.
a - a +1 hand crossbow (weapon)
Unknown command.
The orc priest invokes the aid of Beogh against you.
Beogh smites you!
* * * LOW HITPOINT WARNING * * *
Okay, then.
Okay, then.
The orc priest calls down the wrath of Beogh upon you.
Beogh smites you!
You die...

.................# #
.######o#...>.#..# #
###.##...##..#####
#.o..........)<.(.
#.#.########.#####
#o#.# #.# #.#.# #.#
# #.#.########.#
#..####@#.##......##
#.....)..>...######
#.#####<.........#
#.)...####.# #.)...#
#.....# ###)### #.#
#.#


You could see an orc priest and an orc.

Vanquished Creatures
  2 ogres
  A gnoll shaman (D:4)
  An orc priest (D:4)
  2 orc wizards (D:4)
  Terence (D:2)
  2 gnolls (D:4)
  An adder (D:2)
  2 oozes
  An adder skeleton (D:2)
  3 dart slugs
  10 orcs
  5 bats
  2 giant cockroaches
  3 goblins
  6 hobgoblins
  3 jackals (D:1)
  5 kobolds
  A quokka (D:2)
  2 frilled lizards
  7 rats
60 creatures vanquished.

Notes
Turn   | Place    | Note
-------+----------+-------------------------------------------
     0 | D:1      | toffzen the Kobold Hunter began the quest for the Orb.
     0 | D:1      | Reached XP level 1. HP: 12/12 MP: 1/1
    35 | D:1      | Reached skill level 5 in Crossbows
    40 | D:1      | Reached XP level 2. HP: 18/18 MP: 2/2
   250 | D:1      | Reached XP level 3. HP: 21/22 MP: 3/3
   911 | D:2      | Noticed an ogre
   916 | D:2      | Killed an ogre
   916 | D:2      | Reached skill level 6 in Crossbows
   916 | D:2      | Reached XP level 4. HP: 28/28 MP: 4/4
   916 | D:2      | Reached XP level 5. HP: 32/32 MP: 5/5
   939 | D:2      | Noticed Terence
   944 | D:2      | Killed Terence
   950 | D:2      | Found a basalt altar of Yredelemnul.
  1601 | D:3      | Noticed dscm's ghost (weakling OpNe)
  1615 | D:4      | Noticed an ogre
  1621 | D:4      | Killed an ogre
  1621 | D:4      | Reached skill level 7 in Crossbows
  1621 | D:4      | Reached XP level 6. HP: 38/38 MP: 6/6
  1909 | D:4      | Reached XP level 7. HP: 35/43 MP: 7/7
  1948 | D:4      | HP: 1/43 [orc priest/divine providence (16)]
  1954 | D:4      | Killed from afar by an orc priest

Skill      XL: |  1  2  3  4  5  6 |
---------------+-------------------+-----
Crossbows      | 5 6 7 |  7.6
Dodging        | 3 4 |  4.7
Fighting       | 3 4 |  4.2
Stealth        | |  1.3

Action                   |  1- 3 |  4- 6 |  7- 9 || total
-------------------------+-------+-------+-------++-------
Melee: Short sword       |     8 |    33 |    15 ||    56
 Fire: Hand crossbow     |    67 |    37 |       ||   104
Throw: Stone             |       |     2 |       ||     2
Evoke: Wand              |       |     8 |     4 ||    12
  Use: Scroll            |     3 |     2 |       ||     5
  Eat: Chunk             |     8 |     3 |       ||    11
Armor: Leather armour    |     6 |    10 |     1 ||    17
Dodge: Dodged            |    19 |    44 |    10 ||    73
